AoeStats
← NPG | NUNCAPUEDOGANAR

Arena

510396207Analyzed
1v1 RM · 15h ago on Sep 30, 2026· 61m 30s· 2 players
Game mode
Random Map
Map size
Tiny (2 player)
Population
200
Speed
Normal
Resources
Standard
Victory
Conquest
Starting age
Dark Age
Ending age
Imperial Age
RankedLock teamsTeams togetherTeam positionsShared explorationLock speedFull tech treeHidden civsTurbo modeCheats
Victory
Defeat
🇨🇱 Khmer · Chile
803
+16
🇮🇹 Burmese · Italy
809
-16
NPG | NUNCAPUEDOGANAR
10:50 Feudal Age
12:06 Double-Bit Axe
13:18 Horse Collar
17:28 Castle Age
17:23 Bloodlines
18:46 Scale Barding Armor
18:54 Bow Saw
18:47 Heavy Plow
20:06 Loom
24:56 Chain Barding Armor
29:20 Imperial Age
28:02 Wheelbarrow
29:05 Gold Mining
29:08 Stone Mining
29:35 Hand Cart
29:07 Town Watch
30:17 Chain Barding Armor
31:30 Conscription
33:25 Plate Barding Armor
34:57 Forging
36:18 Chemistry
35:23 Light Cavalry
36:05 Husbandry
36:28 Cavalier
39:31 Elite Ballista Elephant
45:32 Iron Casting
44:48 Hussar
46:29 Ballistics
47:36 Double Crossbow
56:37 Capped Ram
ChrisGabriel87
10:06 Feudal Age
16:53 Castle Age
15:42 Loom
15:48 Loom
19:50 Fervor
20:57 Sanctity
31:21 Imperial Age
28:44 Fletching
30:33 Masonry
31:20 Bodkin Arrow
31:14 Horse Collar
33:08 Chemistry
32:22 Forging
33:19 Ballistics
33:43 Wheelbarrow
34:02 Pikeman
35:25 Bracer
37:53 Architecture
37:04 Treadmill Crane
38:02 Iron Casting
38:13 Redemption
38:38 Theocracy
38:19 Block Printing
38:30 Illumination
38:05 Devotion
38:09 Scale Mail Armor
38:15 Scale Barding Armor
40:18 Murder Holes
40:26 Padded Archer Armor
40:50 Bloodlines
42:43 Fortified Wall
43:12 Heavy Plow
45:14 Conscription
45:17 Hand Cart
45:18 Town Watch
45:54 Chain Mail Armor
47:46 Husbandry
49:03 Blast Furnace
50:04 Squires
49:50 Gambesons
51:18 Howdah
54:40 Chain Barding Armor
59:14 Elite Battle Elephant
61:15 Light Cavalry
Connection lost

Rejoining the realm…

Still unreachable

The connection could not be restored.

Session expired

The server has moved on; the page needs a fresh start.